 Dungeon Crawl Stone Soup version 0.26-a0-663-g36e8fdb655 (webtiles) character file.

Game seed: 16228569455140894139

149484 DogServant the Warrior (level 17, 126/126 HPs)
             Began as a Gargoyle Fighter on Oct 12, 2020.
             Was the Champion of Okawaru.
             Quit the game on level 3 of the Snake Pit.
             The game lasted 00:59:51 (36043 turns).

DogServant the Warrior (Gargoyle Fighter)          Turns: 36043, Time: 00:59:51

Health: 126/126    AC: 43    Str: 24    XL:     17   Next: 51%
Magic:  26/26      EV:  5    Int: 10    God:    Okawaru [******]
Gold:   365        SH: 15    Dex: 11    Spells: 16/16 levels left

rFire    . . .     SeeInvis .   d - +3 morningstar (drain)
rCold    . . .     Faith    .   C - +1 kite shield {reflect}
rNeg     + . .     Spirit   .   A - +0 crystal plate armour
rPois    ∞         Reflect  +   S - +2 hat {MR+}
rElec    +         Harm     .   R - scarf {repulsion}
rCorr    .         Rampage  .   a - +0 pair of gloves
MR       +++..                  f - +1 pair of boots {Fly}
Stlth    ..........             h - amulet of the acrobat
HPRegen  0.31/turn              I - ring of protection from magic
MPRegen  0.20/turn              e - +4 ring of protection

@: flying, constricted, repel missiles
A: big wings, horns 1, blurry vision 1, negative energy resistance 1, robust 1,
electricity resistance, unbreathing, petrification resistance, rot immunity,
subdued magic 1, AC +12
a: Stop Flying, Heroism, Finesse, Renounce Religion


You were on level 3 of the Snake Pit.
You worshipped Okawaru.
Okawaru was exalted by your worship.
You visited 5 branches of the dungeon, and saw 27 of its levels.

You collected 2700 gold pieces.
You spent 2335 gold pieces at shops.

Inventory:

Hand Weapons
 d - a +3 morningstar of draining (weapon)
 m - a +4 flail of protection
Armour
 a - a +0 pair of gloves (worn)
 b - a +1 plate armour of magic resistance
 f - a +1 pair of boots of flying (worn)
 A - a +0 crystal plate armour (worn)
 C - a +1 kite shield of reflection (worn)
 E - a +0 tower shield
 R - a scarf of repulsion (worn)
 S - a +2 hat of magic resistance (worn)
Jewellery
 e - a +4 ring of protection (right hand)
 h - an amulet of the acrobat (around neck)
 p - an uncursed ring of resist corrosion
 I - a ring of protection from magic (left hand)
 J - an uncursed ring of see invisible
 T - an uncursed ring of positive energy
 U - an uncursed ring of protection from fire
Wands
 l - a wand of flame (37)
 y - a wand of iceblast (19)
 F - a wand of digging (2)
 H - a wand of paralysis (15)
 K - a wand of disintegration (17)
 Q - a wand of enslavement (12)
Scrolls
 g - a scroll of brand weapon
 i - 16 scrolls of identify
 j - 5 scrolls of blinking
 k - 11 scrolls of amnesia
 s - 4 scrolls of enchant weapon
 t - 5 scrolls of magic mapping
 v - 6 scrolls of remove curse
 x - 3 scrolls of fear
 B - a scroll of fog
 N - 6 scrolls of teleportation
Potions
 c - 3 potions of might
 n - 4 potions of stabbing
 o - 2 potions of lignification
 q - 3 potions of heal wounds
 u - 6 potions of brilliance
 w - 2 potions of berserk rage
 z - 3 potions of cancellation
 D - 5 potions of haste
 G - 2 potions of mutation
 O - 6 potions of curing


   Skills:
 + Level 15.8 Fighting
 + Level 14.9 Maces & Flails
 - Level 10.0 Armour
 - Level 10.3 Dodging
 + Level 14.1 Shields
 - Level 12.1 Invocations
 + Level 5.4 Evocations


You had 16 spell levels left.
You didn't know any spells.
Your spell library contained the following spells:

 Spells                   Type           Power        Failure   Level
 Apportation              Tloc           #.....       100%        1
 Foxfire                  Conj/Fire      #...         100%        1
 Shock                    Conj/Air       #...         100%        1
 Sting                    Tmut/Pois      #...         100%        1
 Poisonous Vapours        Pois/Air       #.....       100%        2
 Swiftness                Air            #.......     100%        2
 Wereblood                Tmut           #.......     100%        2
 Confusing Touch          Hex            #.......     100%        3
 Conjure Flame            Conj/Fire      #.......     100%        3
 Gell's Gravitas          Tloc           #.........   100%        3
 Inner Flame              Hex/Fire       #.......     100%        3
 Lesser Beckoning         Tloc           #.........   100%        3
 Mephitic Cloud           Conj/Pois/Air  #.......     100%        3
 Static Discharge         Conj/Air       #.......     100%        3
 Tukima's Dance           Hex            #.......     100%        3
 Airstrike                Air            #.........   100%        4
 Animate Dead             Necr           #.........   100%        4
 Cause Fear               Hex            #.........   100%        4
 Petrify                  Tmut/Erth      #.......     100%        4
 Sticky Flame             Conj/Fire      #.......     100%        4
 Alistair's Intoxication  Tmut/Pois      #........    100%        5
 Borgnjor's Vile Clutch   Necr/Erth      #.........   100%        5
 Fireball                 Conj/Fire      #.........   100%        5
 Lightning Bolt           Conj/Air       #.........   100%        5
 Metabolic Englaciation   Hex/Ice        #.........   100%        5
 Silence                  Hex/Air        #.........   100%        5
 Yara's Violent Unravell  Hex/Tmut       #.........   100%        5
 Death Channel            Necr           #.........   100%        6
 Hydra Form               Tmut           #.........   100%        6
 Invisibility             Hex            #.......     100%        6
 Simulacrum               Ice/Necr       #.........   100%        6
 Discord                  Hex            #.........   100%        8
 Statue Form              Tmut/Erth      Unusable     N/A         6

Dungeon Overview and Level Annotations

Branches:
Dungeon (15/15)            Temple (1/1) D:4            Lair (6/6) D:8
  Swamp (0/4) Lair:2        Snake (3/4) Lair:4        Slime (0/5) Lair:6
    Orc (2/2) D:10            Elf (0/3) Orc:2        Vaults (0/5) D:14
 Depths (0/5) D:15

Altars:
Ashenzari
Cheibriados
Dithmenos
Elyvilon
Fedhas
Gozag
Hepliaklqana
Kikubaaqudgha
Nemelex Xobeh
Okawaru
Qazlal
Ru
Trog
Uskayaw
Wu Jian
Xom
Yredelemnul
Zin
The Shining One

Shops:
D:8 *[!([   D:13 !!}   Orc:2 :=(?   Snake:1 *!:*=   Snake:2 [

Annotations:
D:3 1 runed translucent door, haldagan's ghost, amateur OgCK
D:13 2 runed translucent doors


Innate Abilities, Weirdness & Mutations

You are resistant to torment.
Your stone body is resilient. (AC +12)
You are immune to poison.
Your large and strong wings let you fly indefinitely.
You resist negative energy. (rN+)
You are resistant to electric shocks. (rElec)
You can survive without breathing.
You are immune to petrification.
You are immune to rotting.
You have a pair of small horns on your head.
Scrolls take you a little longer to read.
You are robust. (+10% HP)
Your spells are a little easier to cast, but a little less powerful.


Message History

You closely miss the anaconda.
The anaconda is lightly wounded.
The anaconda grabs you. You block the anaconda's attack.
The anaconda constricts you. You block the anaconda's attack.
The anaconda constricts you.
The anaconda bites you but does no damage.
You miss the anaconda.
The anaconda is lightly wounded.
The anaconda loses its grip on you. The anaconda closely misses you.
You block the anaconda's attack.
You miss the anaconda.
The anaconda is lightly wounded.
The anaconda grabs you. You block the anaconda's attack.
The anaconda constricts you.
The anaconda bites you but does no damage.
The mana viper completely misses you.
The naga ritualist hits you but does no damage.
The anaconda bites you but does no damage. x2
The anaconda constricts you.
Are you sure you want to abandon this character and quit the game? (Confirm with "yes".)

.......#...#####....#
..........## ###.##
..........# #..#
.........## ##.####
........## ##....#
........# ##..####
..... ##..## .....
#...# ..... #@S##
.....


#SNS# ##.... ....## #..# ....... # ...# #....... ##..# #....#... #...# #...####.
...# ...# #. ..## You could see 2 anacondas, a naga ritualist and a mana viper.

Vanquished Creatures
  Nikola (Snake:2)
  Rupert (D:14)
  Gastronok (D:11)
  Agnes (Snake:1)
  Donald (Snake:2)
  A frost giant (D:15)
  An orc warlord (Orc:1)
  An ironheart preserver (D:14)
  Nessos (D:15)
  Snorg (Lair:4)
  A fire dragon (D:14)
  Harold (D:11)
  2 naga warriors
  3 centaur warriors
  6 boulder beetles
  11 hydras
  5 anacondas
  4 two-headed ogres
  6 death yaks (Lair:4)
  A tengu warrior (D:11)
  6 naga sharpshooters
  An orc high priest (Orc:2)
  4 shock serpents
  15 spriggans (Lair:6)
  4 slime creatures
  Sonja (D:11)
  2 salamander mystics
  4 skeletal warriors (D:14)
  A wizard (D:14)
  3 unseen horrors
  7 naga ritualists
  7 orc sorcerers (Orc:2)
  2 orc knights
  12 mana vipers
  3 deep elf magi
  4 cyclopes
  An ugly thing (D:11)
  3 manticores
  11 salamanders
  6 centaur zombies
  11 elephants
  A torpor snail (Lair:5)
  8 naga magi
  39 black mambas
  3 guardian serpents
  A gargoyle (D:12)
  10 cane toads
  10 komodo dragons
  A yaktaur (D:15)
  A yaktaur (shapeshifter) (D:14)
  A kobold demonologist (D:14)
  4 rime drakes
  8 polar bears
  9 hornets
  9 trolls
  22 blink frogs
  8 dream sheep (Lair:6)
  A vampire (D:15)
  8 wyverns
  52 yaks
  5 basilisks
  2 wraiths
  14 vampire mosquitoes
  3 wargs
  2 swamp worms (Lair:2)
  19 nagas
  A soldier ant (D:14)
  19 water moccasins
  An acid dragon (D:15)
  26 orc warriors
  6 ice beasts
  5 black bears
  A hornet zombie (D:9)
  4 sky beasts
  8 necrophages
  An eye of draining (D:12)
  25 wolves
  5 phantoms
  3 boggarts (Lair:6)
  8 ogres
  9 centaurs
  3 big kobolds
  8 bullfrogs
  2 wyvern zombies
  9 scorpions
  19 wights
  6 howler monkeys
  2 electric eels (D:10)
  3 bullfrog zombies
  2 quasits
  3 hounds
  7 jellies
  11 centaur skeletons
  26 orc priests
  A bullfrog skeleton (D:10)
  25 orc wizards
  2 iguanas
  10 worker ants
  4 hell rats (Lair:5)
  A hound skeleton (D:9)
  Robin (D:3)
  A howler monkey zombie (D:10)
  A worker ant zombie (D:10)
  11 gnolls
  A howler monkey skeleton (D:4)
  38 adders
  3 shadow imps
  2 white imps
  An ooze (D:4)
  An adder zombie (D:6)
  4 adder skeletons
  A worm (D:2)
  A dart slug (D:4)
  2 leopard geckos
  67 orcs
  4 bats
  7 giant cockroaches
  12 goblins
  8 hobgoblins
  18 jackals
  5 quokkas
  3 frilled lizards
  3 jackal skeletons
  14 kobolds
  A leopard gecko skeleton (D:4)
  2 quokka zombies
  2 rats
879 creatures vanquished.

Vanquished Creatures (others)
  An orc priest (Orc:2)
  An orc wizard (Orc:2)
  2 orcs
  A quokka (D:3)
  65 fungi
  99 plants
169 creatures vanquished.

Grand Total: 1048 creatures vanquished

Notes
Turn   | Place    | Note
-------+----------+-------------------------------------------
     0 | D:1      | DogServant the Gargoyle Fighter began the quest for the
                  | Orb.
     0 | D:1      | Reached XP level 1. HP: 14/14 MP: 1/1
   318 | D:1      | Reached XP level 2. HP: 19/19 MP: 2/2
  1096 | D:2      | Found a shadowy altar of Dithmenos.
  1107 | D:2      | Found a glowing silver altar of Zin.
  1122 | D:2      | Reached XP level 3. HP: 14/23 MP: 3/3
  1443 | D:2      | Reached XP level 4. HP: 25/28 MP: 4/4
  1671 | D:2      | Found a bloodstained altar of Trog.
  1997 | D:3      | Found a glowing golden altar of the Shining One.
  2002 | D:3      | You fall into a shaft and drop 1 floor!
  2122 | D:4      | Reached XP level 5. HP: 23/32 MP: 5/5
  2396 | D:4      | Found a staircase to the Ecumenical Temple.
  2412 | Temple   | Entered the Ecumenical Temple
  2564 | Temple   | Became a worshipper of Warmaster Okawaru
  3078 | D:5      | Entered Level 5 of the Dungeon
  3087 | D:5      | Reached skill level 5 in Shields
  3576 | D:3      | Found a white marble altar of Elyvilon.
  3628 | D:3      | Found a runed translucent door.
  3688 | D:3      | Noticed a sky beast
  3704 | D:3      | Reached XP level 6. HP: 37/37 MP: 6/6
  3715 | D:3      | Killed a sky beast
  3764 | D:3      | Noticed Robin
  3780 | D:3      | Killed Robin
  3947 | D:3      | Reached skill level 5 in Maces & Flails
  4034 | D:3      | Found a blossoming altar of Fedhas.
  4104 | D:3      | Noticed haldagan's ghost (amateur OgCK)
  4283 | D:5      | Noticed a sky beast
  4299 | D:5      | Killed a sky beast
  4299 | D:5      | Reached XP level 7. HP: 33/41 MP: 7/7
  4409 | D:5      | Reached * piety under Okawaru
  4500 | D:5      | Reached skill level 1 in Invocations
  5024 | D:6      | Found a sacrificial altar of Ru.
  5223 | D:6      | Found a broken altar of Ashenzari.
  5312 | D:6      | Reached XP level 8. HP: 43/46 MP: 9/9
  5455 | D:6      | Found a stormy altar of Qazlal.
  5749 | D:6      | Reached ** piety under Okawaru
  6589 | D:7      | Reached XP level 9. HP: 35/51 MP: 10/12
  6709 | D:7      | Reached skill level 5 in Invocations
  7615 | D:8      | Reached *** piety under Okawaru
  7776 | D:8      | Found Megeopik's Distillery.
  7782 | D:8      | Found Buib's Assorted Antiques.
  7793 | D:8      | Found Cigisch's Antique Armour Emporium.
  7807 | D:8      | Found Cenel's Weapon Emporium.
  7826 | D:8      | Bought a runed scale mail for 231 gold pieces
  7854 | D:8      | Found Woized's Antique Armour Shop.
  7868 | D:8      | Noticed a boulder beetle
  7869 | D:8      | Noticed a hornet
  8096 | D:8      | Killed a hornet
  8546 | D:8      | Reached **** piety under Okawaru
  8554 | D:8      | Reached XP level 10. HP: 41/56 MP: 15/15
  8698 | D:9      | Reached skill level 10 in Shields
  9250 | D:9      | Found a basalt altar of Yredelemnul.
  9324 | D:9      | Noticed a two-headed ogre
  9329 | D:9      | Killed a two-headed ogre
  9575 | D:10     | Entered Level 10 of the Dungeon
  9633 | D:10     | Reached skill level 4 in Fighting
  9633 | D:10     | Reached skill level 1 in Dodging
 10107 | D:10     | Found a staircase to the Orcish Mines.
 10375 | D:10     | Reached ***** piety under Okawaru
 10457 | D:10     | Reached skill level 10 in Maces & Flails
 10457 | D:10     | Reached XP level 11. HP: 61/62 MP: 17/17
 10506 | D:10     | You fall into a shaft and drop 1 floor!
 10511 | D:11     | Noticed Sonja
 10520 | D:11     | Reached skill level 5 in Fighting
 10606 | D:11     | Noticed Gastronok
 11122 | D:10     | Reached skill level 5 in Armour
 11859 | D:10     | Killed an unseen horror
 12025 | D:11     | Noticed Harold
 12030 | D:11     | Noticed a manticore
 12037 | D:11     | Noticed a tengu warrior
 12069 | D:11     | Killed a tengu warrior
 12090 | D:11     | Reached skill level 6 in Fighting
 12150 | D:11     | Noticed a red ugly thing
 12172 | D:11     | Killed a red ugly thing
 12374 | D:11     | Found a large runed translucent door.
 12375 | D:11     | Found a large runed translucent door.
 12453 | D:11     | Killed Sonja
 12587 | D:11     | Noticed a boulder beetle
 12597 | D:11     | Killed a boulder beetle
 12597 | D:11     | Received a gift from Okawaru
 13263 | D:10     | Found a staircase to the Orcish Mines.
 13616 | D:10     | Found a staircase to the Orcish Mines.
 14144 | D:11     | Killed a manticore
 14164 | D:11     | Killed Harold
 14164 | D:11     | Reached skill level 7 in Fighting
 14330 | D:11     | Killed Gastronok
 14330 | D:11     | Received a gift from Okawaru
 14330 | D:11     | Reached XP level 12. HP: 72/72 MP: 11/18
 14593 | D:11     | Found a shimmering altar of Xom.
 14593 | D:11     | Noticed a fire giant
 14883 | Orc:1    | Entered Level 1 of the Orcish Mines
 14883 | Orc:1    | Found a shimmering altar of Xom.
 14891 | Orc:1    | Noticed an orc warlord
 14946 | Orc:1    | Killed an orc warlord
 14946 | Orc:1    | Reached skill level 5 in Dodging
 14950 | Orc:1    | Reached skill level 8 in Fighting
 15398 | Orc:2    | Entered Level 2 of the Orcish Mines
 15427 | Orc:2    | Found a staircase to the Elven Halls.
 16311 | Orc:2    | Received a gift from Okawaru
 16362 | Orc:2    | Got a twisted longbow {god gift}
 16373 | Orc:2    | Reached skill level 9 in Fighting
 16600 | Orc:2    | Found Daxtial's Jewellery Shop.
 16611 | Orc:2    | Found Giwu's Book Shop.
 16615 | Orc:2    | Found Waagar's Antique Weapon Boutique.
 16617 | Orc:2    | Found Xaunyro's Magic Scroll Boutique.
 16637 | Orc:2    | Reached skill level 10 in Invocations
 16778 | Orc:2    | Paralysed by an orc sorcerer for 2 turns
 16787 | Orc:2    | Reached XP level 13. HP: 80/80 MP: 20/20
 18055 | D:12     | Reached skill level 10 in Fighting
 18574 | D:13     | Reached ****** piety under Okawaru
 18630 | D:13     | Found Taatt's Distillery.
 18637 | D:13     | Bought a potion of mutation for 104 gold pieces
 18796 | D:8      | Found a staircase to the Lair.
 19020 | D:8      | Received a gift from Okawaru
 19091 | Lair:1   | Entered Level 1 of the Lair of Beasts
 19155 | Lair:1   | Found a gate leading to a gauntlet.
 20145 | Lair:2   | Reached skill level 11 in Fighting
 20869 | Lair:2   | Found a staircase to the Swamp.
 21239 | Lair:3   | Gained mutation: Your large and strong wings let you fly
                  | indefinitely. [Gargoyle growth]
 21239 | Lair:3   | Reached XP level 14. HP: 91/91 MP: 21/21
 21416 | Lair:3   | Reached skill level 12 in Fighting
 22334 | Lair:4   | Found a staircase to the Snake Pit.
 22508 | Lair:4   | Noticed Snorg
 22535 | Lair:4   | Killed Snorg
 22535 | Lair:4   | Received a gift from Okawaru
 23453 | Lair:4   | Reached skill level 13 in Fighting
 23882 | Lair:4   | Reached skill level 10 in Dodging
 25059 | Lair:5   | Reached XP level 15. HP: 83/99 MP: 22/22
 25301 | Lair:6   | Entered Level 6 of the Lair of Beasts
 25314 | Lair:6   | Identified the Disquisition on Transmutation and Poison
 25587 | Lair:6   | Received a gift from Okawaru
 26575 | Lair:6   | Reached skill level 14 in Fighting
 26604 | Lair:6   | Received a gift from Okawaru
 27028 | Lair:6   | Found a staircase to the Slime Pits.
 27813 | D:13     | Found Yrud Adi's Distillery.
 27991 | D:13     | Found a large runed translucent door.
 27993 | D:13     | Found a large runed translucent door.
 28188 | D:13     | Received a gift from Okawaru
 28364 | D:13     | Found Ziyfol's Gadget Shop.
 28585 | D:14     | Noticed Rupert
 28599 | D:14     | Killed Rupert
 28894 | D:14     | Gained mutation: Your spells are a little easier to cast,
                  | but a little less powerful. [potion of mutation]
 28894 | D:14     | Gained mutation: Scrolls take you a little longer to read.
                  | [potion of mutation]
 28894 | D:14     | Gained mutation: You are robust. (+10% HP) [potion of
                  | mutation]
 28894 | D:14     | Gained mutation: You have a pair of small horns on your
                  | head. [potion of mutation]
 28986 | D:14     | Reached XP level 16. HP: 117/117 MP: 24/24
 29002 | D:14     | Found a gate to the Vaults.
 29165 | D:14     | Received a gift from Okawaru
 29841 | D:15     | Entered Level 15 of the Dungeon
 30639 | D:15     | Found a staircase to the Depths.
 30678 | D:15     | Reached skill level 10 in Armour
 30751 | D:15     | Noticed Nessos
 30768 | D:15     | Killed Nessos
 31228 | Snake:1  | Entered Level 1 of the Snake Pit
 31277 | Snake:1  | Reached skill level 1 in Evocations
 31464 | Snake:1  | Noticed Agnes
 31480 | Snake:1  | Killed Agnes
 31490 | Snake:1  | Received a gift from Okawaru
 31506 | Snake:1  | Reached skill level 15 in Fighting
 31930 | Snake:1  | Found Tuliph's Jewellery Shop.
 31931 | Snake:1  | Found Weibut's General Store.
 31944 | Snake:1  | Found Etapab's Distillery.
 31956 | Snake:1  | Found Kalaem's Assorted Antiques.
 32199 | Snake:1  | Found Redgh's Book Boutique.
 32801 | Snake:2  | Identified the +4 kite shield of Qutem {Harm Str+4 Dex+3}
 32801 | Snake:2  | Noticed Donald
 32818 | Snake:2  | Killed Donald
 32958 | Snake:2  | Reached XP level 17. HP: 124/124 MP: 26/26
 32971 | Snake:2  | Found Jiebboi's Antique Armour Emporium.
 33665 | D:8      | Bought a crystal plate armour for 2000 gold pieces
 33925 | Snake:2  | Received a gift from Okawaru
 34210 | Snake:2  | Noticed Nikola
 34223 | Snake:2  | Killed Nikola
 35348 | Snake:3  | Reached skill level 5 in Evocations
 36043 | Snake:3  | Quit the game

Illustrated notes

Levels and vault maps discovered:
D:1:      sevenhm_arrival_forest_fort_large_2, layout_basic
D:2:      minmay_evil_eye, layout_rooms, old_standard_altar,
          overflow_temple_1_default, zin_academy
D:3:      layout_loops_ring, overflow_temple_1_default, elyvilon_altar_4,
          nicolae_overflow_hidden_temple, ebering_ghost_sewer_d, uniq_robin
D:4:      layout_basic, minmay_temple_entry_arrows, chequers_avenue,
          minmay_misc_feat_hallway
D:5:      layout_basic
D:6:      layout_basic, nicolae_ru_awakened_eye, ashenzari_altar_1,
          nicolae_qazlal_eye_of_the_storm
D:7:      layout_gridville, minmay_hedge_maze
D:8:      layout_loops_ring, grunt_lair_entry_orc_guard_hut, serial_shops,
          nicolae_shop_crystal, nicolae_shop_overgrown_old_shop, shop, shop,
          nicolae_shop_crystal, grunt_potential
D:9:      layout_basic, kennysheep_mini_moat, kennysheep_generic_room_7
D:10:     layout_long_grid, david_orc_1_choice, hive_lemuel
D:11:     layout_long_grid, jmf_multi_god_temple2, uniq_harold, uniq_sonja,
          uniq_gastronok
D:12:     layout_basic, serial_corexii_hall, chequers_hall_statues_wall_a,
          corexii_hall_statues_t
D:13:     doesnt_quadruple_sword, layout_irregular_city, serial_shops,
          nicolae_shop_crystal, shop, shop
D:14:     layout_rooms, skrybe_vaults_entry_preservation,
          hangedman_decor_riveting, uniq_rupert
D:15:     grunt_enter_depths_snipers, layout_stronghold, kennysheep_flooded_box,
          st_stairs_6, uniq_nessos
Temple:   hc_temple_tempest_star
Lair:1:   layout_concentric_octagons, special_room, gauntlet_entry_generic,
          patterned_corridor, infiniplex_staircase_pool
Lair:2:   layout_cave_pods, minmay_swamp_entry_worms, roderic_carrion_pond
Lair:3:   layout_regular_city, lemuel_fruit_tree
Lair:4:   beast_lair_carwin_large_4, layout_layer_cave,
          minmay_snake_entry_six_corridors, uniq_snorg
Lair:5:   minmay_lair_venomous_thicket, layout_long_grid,
          chequers_serial_rivers_small_3, lemuel_fruit_fields
Lair:6:   minmay_lair_end_enchanted_forest, layout_misc_corridors,
          minmay_slime_entry_pillars, infiniplex_staircase_pool_2
Snake:1:  layout_onion, serial_shops, shop, nicolae_shop_trees, shop_fountains,
          nicolae_shop_trees, shop, st_stairs_4, statue_in_the_mist_lemuel,
          uniq_agnes
Snake:2:  layout_layer_cave, serial_shops, shop_statue, uniq_donald, uniq_nikola
Snake:3:  layout_layer_cave
Orc:1:    layout_caves, basic_altar
Orc:2:    st_orc_mages, layout_caves

Skill      XL: |  1  2  3  4  5  6  7  8  9 10 11 12 13 14 15 16 17 |
---------------+----------------------------------------------------+-----
Maces & Flails | 3 4 5 6 7 8 10 11 12 13 14 | 14.9
Shields        | 4 5 6 7 8 9 10 11 12 13 14 | 14.1
Invocations    | 2 4 7 8 10 11 12 | 12.1
Fighting       | 4 7 9 11 13 14 15 | 15.8
Dodging        | 1 4 6 8 10 | 10.3
Armour         | 4 7 9 10 | 10.0
Evocations     | 3 5 |  5.4

Action                   |  1- 3 |  4- 6 |  7- 9 | 10-12 | 13-15 | 16-18 || total
-------------------------+-------+-------+-------+-------+-------+-------++-------
Melee: Flail             |   132 |   140 |       |       |       |   224 ||   496
       Mace              |       |    52 |   282 |       |       |       ||   334
       Whip              |       |       |   190 |   132 |       |       ||   322
       Morningstar       |       |       |       |   782 |  1512 |   631 ||  2925
       Headbutt          |       |       |       |       |     3 |   251 ||   254
Invok: Heroism           |       |       |     1 |    10 |    11 |     7 ||    29
       Finesse           |       |       |       |     3 |     6 |     4 ||    13
Evoke: Wand              |       |       |       |    13 |     6 |       ||    19
  Use: Scroll            |     1 |       |       |    21 |     4 |     2 ||    28
       Potion            |       |       |     1 |     9 |     1 |       ||    11
Armor: Scale mail        |    90 |   111 |   193 |   392 |       |       ||   786
       Plate armour      |       |       |       |    18 |   883 |   272 ||  1173
       Crystal plate arm |       |       |       |       |       |   145 ||   145
Dodge: Dodged            |    37 |    66 |    95 |   340 |   614 |   375 ||  1527
       Repelled          |       |       |       |       |       |    16 ||    16
Block: Kite shield       |    78 |   109 |   221 |   605 |  1227 |   735 ||  2975
       Reflection        |       |       |       |     1 |    11 |    33 ||    45

Table legend: (Time is in decaauts)
 A = Elapsed time spent in this place.
 B = Non-inter-level travel time spent in this place.
 C = Inter-level travel time spent in this place.
 D = Time resting spent in this place.
 E = Time spent auto-exploring this place.
 F = Levels seen in this place.
 G = Mean time per level.
                   A        B        C        D        E       F      G
               +--------+--------+--------+--------+--------+-----+--------+
         Total |  35476 |  33044 |   2432 |   4562 |  22170 |  27 | 1313.9 |
       Dungeon |  20528 |  18983 |   1545 |   2888 |  12343 |  15 | 1368.5 |
        Temple |    177 |    139 |     38 |      0 |    136 |   1 |  177.0 |
          Lair |   8425 |   7889 |    536 |    921 |   5626 |   6 | 1404.2 |
     Snake Pit |   4123 |   3982 |    141 |    422 |   2864 |   3 | 1374.3 |
  Orcish Mines |   2221 |   2051 |    170 |    331 |   1200 |   2 | 1110.5 |
               +--------+--------+--------+--------+--------+-----+--------+

Top non-repeatable levels by time:
    D:10: 3851 daAuts
  Lair:4: 2061 daAuts
  Lair:6: 1871 daAuts
 Snake:2: 1720 daAuts
    D:11: 1700 daAuts
     D:8: 1697 daAuts
    D:12: 1315 daAuts
    D:13: 1312 daAuts
     D:7: 1310 daAuts
   Orc:2: 1304 daAuts
     D:4: 1287 daAuts
  Lair:2: 1241 daAuts
 Snake:1: 1236 daAuts
    D:14: 1229 daAuts
 Snake:3: 1166 daAuts
